 Dungeon Crawl Stone Soup version 0.22.1-1-ga44c0e5 (webtiles) character file.

11206 wilfster70 the Protected (level 11, -6/86 HPs)
             Began as a Gnoll Wanderer on Oct 12, 2018.
             Was a High Priest of Qazlal.
             Mangled by a shadow (14 damage)
             ... on level 10 of the Dungeon.
             The game lasted 00:44:42 (11109 turns).

wilfster70 the Protected (Gnoll Wanderer)          Turns: 11109, Time: 00:44:42

Health: -6/86      AC: 14    Str: 19    XL:     11   Next: 74%
Magic:  20/20      EV: 16    Int: 21    God:    Qazlal [*****.]
Gold:   768        SH: 18    Dex: 13    Spells: 20/22 levels left

rFire    . . .     SeeInvis .   b - +2 dagger (venom)
rCold    . . .     Gourm    .   c - +0 shield
rNeg     . . .     Faith    .   w - +2 ring mail {MR+}
rPois    +         Spirit   .   y - +2 helmet {Int+3}
rElec    .         Reflect  .   C - +1 cloak
rCorr    .         Harm     .   (no gloves)
MR       +....                  (no boots)
Stlth    +.........             (no amulet)
HPRegen  0.24/turn              n - +3 ring of intelligence
MPRegen  0.17/turn              E - +3 ring of evasion

@: repel missiles
A: distributed training, fangs 1, hooves 1, blink, poison resistance, MP-powered
wands, strong nose
a: Blink, Upheaval, Elemental Force, Disaster Area, Renounce Religion


You were on level 10 of the Dungeon.
You worshipped Qazlal.
Qazlal was extremely pleased with you.
You were hungry.

You visited 1 branch of the dungeon, and saw 10 of its levels.
You also visited: Ossuary.

You collected 768 gold pieces.

Inventory:

Hand Weapons
 a - a +0 hunting sling
 b - a +2 dagger of venom (weapon)
 q - a +0 hand crossbow
 u - a +0 blowgun
Missiles
 d - 36 bolts
 g - 315 stones (quivered)
 s - 81 sling bullets
 v - 35 poisoned needles
Armour
 c - a +0 shield (worn)
 w - a +2 ring mail of magic resistance (worn)
 y - a +2 helmet of intelligence (worn)
 C - a +1 cloak (worn)
 D - a +0 hat of see invisible
Jewellery
 n - a +3 ring of intelligence (left hand)
 E - a +3 ring of evasion (right hand)
Wands
 j - a wand of flame (51)
 k - a wand of digging (12)
 l - a wand of polymorph (16)
 m - a wand of iceblast (17)
Scrolls
 x - 2 scrolls of amnesia
 z - 5 scrolls of teleportation
 F - a scroll of remove curse
Potions
 e - 2 potions of heal wounds
 h - 4 potions of lignification
 i - 4 potions of curing
 o - 7 potions of haste
 p - a potion of ambrosia
 r - a potion of might
 t - a potion of berserk rage {unknown}
 A - a potion of resistance
 B - 2 potions of cancellation {unknown}
Comestibles
 f - 13 rations
 G - 3 chunks of flesh


   Skills:
 + Level 8.0 Fighting
 + Level 6.4 Short Blades
 + Level 6.4 Long Blades
 + Level 6.4 Axes
 + Level 6.4 Maces & Flails
 + Level 6.4 Polearms
 + Level 6.4 Staves
 + Level 6.4 Slings
 + Level 7.0 Bows
 + Level 8.0 Crossbows
 + Level 6.4 Throwing
 + Level 9.3 Armour
 + Level 6.4 Dodging
 + Level 6.4 Stealth
 + Level 7.0 Shields
 + Level 6.4 Unarmed Combat
 + Level 6.4 Spellcasting
 + Level 5.3 Conjurations
 + Level 5.3 Hexes
 + Level 5.3 Charms
 + Level 5.3 Summonings
 + Level 5.3 Necromancy
 + Level 5.3 Translocations
 + Level 5.3 Transmutations
 + Level 5.3 Fire Magic
 + Level 5.3 Ice Magic
 + Level 5.3 Air Magic
 + Level 5.3 Earth Magic
 + Level 5.3 Poison Magic
 + Level 7.1 Invocations
 + Level 7.0 Evocations


You had 20 spell levels left.
You knew the following spells:

 Your Spells              Type           Power        Failure   Level  Hunger
a - Summon Small Mammal   Summ           ####         4%          1    None
b - Flame Tongue          Conj/Fire      ####.        4%          1    None

Your spell library contained the following spells:

 Spells                   Type           Power        Failure   Level  Hunger
 Animate Skeleton         Necr           N/A          4%          1    None
 Apportation              Tloc           ####..       4%          1    None
 Confusing Touch          Hex            ####..       4%          1    None
 Throw Flame              Conj/Fire      ####..       7%          2    None
 Conjure Flame            Conj/Fire      ####....     14%         3    #......
 Inner Flame              Hex/Fire       ####....     14%         3    #......
 Sticky Flame             Conj/Fire      ####....     41%         4    ###....
 Fireball                 Conj/Fire      ####......   77%         5    #####..


Dungeon Overview and Level Annotations

Branches:
Dungeon (10/15)            Temple (0/1) D:6            Lair (0/6) D:8
    Orc (0/2) D:9

Altars:
Ashenzari
Fedhas
Kikubaaqudgha
Nemelex Xobeh
Qazlal
Uskayaw
Vehumet
Wu Jian
Zin

Annotations:
D:9 exclusion: oklob plant


Innate Abilities, Weirdness & Mutations

Your experience applies equally to all skills.
You have very sharp teeth.
Your uncanny sense of smell can sniff out nearby items.
You have large cloven feet.
You can translocate small distances at will.
Your system is resistant to poisons. (rPois)
You expend magic power (3 MP) to strengthen your wands.


Message History

You closely miss the shadow.
The shadow is moderately damaged.
You hit the shadow.
The shadow is moderately damaged.
You block the shadow's attack.
You hit the shadow.
The shadow is heavily damaged.
You block the shadow's attack.
You hit the shadow but do no damage. You bite the shadow, but do no damage.
The shadow is moderately damaged.
You hit the shadow.
The shadow is heavily damaged.
The shadow slips into darkness.
The shadow flickers and vanishes!
Deactivating autopickup; reactivate with Ctrl-A.
You hit something. Your kick misses something.
The shadow strikes at you from the darkness!
You miss something. You kick something. You bite something.
The shadow strikes at you from the darkness!
You die...

##.# #.. #..# #>#
#.## #.#
#######.########.#
#.................
#####..........
#.####..... #.#
##### ##@# #.{#
#.## . ##.#
....###..#
........##
#.####..# #...
#.#.>


There were no monsters in sight!

Vanquished Creatures
  A two-headed ogre (D:9)
  A wizard (D:10)
  An ugly thing (D:8)
  Maurice (D:7)
  A komodo dragon (D:8)
  A troll (D:9)
  A hornet (D:9)
  Grinder (D:3)
  2 hippogriffs
  A wraith (D:8)
  A spriggan (D:9)
  A steam dragon (D:9)
  2 wyverns (D:8)
  4 hungry ghosts
  3 yaks (D:6)
  A soldier ant (D:9)
  2 water moccasins
  4 orc warriors
  A sky beast (D:6)
  2 black bears
  An eye of draining (D:10)
  A necrophage (D:9)
  6 ice beasts
  6 ogres
  3 phantoms
  A crocodile (D:8)
  2 centaurs
  A big kobold (D:7)
  5 bullfrogs
  6 scorpions
  A troll zombie (D:9)
  12 killer bees
  4 wights (D:8)
  5 howler monkeys (D:9)
  An electric eel (D:9)
  5 crimson imps
  3 centaur zombies
  6 hounds
  A jelly (D:5)
  2 orc priests
  2 bullfrog skeletons
  A quasit (D:6)
  A gnoll shaman (D:8)
  12 orc wizards
  A centaur skeleton (D:6)
  Ijyb (D:3)
  4 iguanas
  12 worker ants
  7 ogre zombies (D:9)
  A hound zombie (D:9)
  3 hound skeletons
  8 mummies (Ossuary)
  2 worker ant zombies
  11 gnolls
  13 adders
  4 shadow imps
  An ooze (D:6)
  2 adder zombies
  2 worms
  7 leopard geckos
  28 orcs
  12 bats
  6 giant cockroaches
  A gnoll zombie (Ossuary)
  4 goblins
  2 hobgoblins
  12 jackals
  2 quokkas
  2 ball pythons
  9 frilled lizards
  A goblin skeleton (D:9)
  4 goblin zombies (D:9)
  2 hobgoblin skeletons (D:9)
  8 hobgoblin zombies
  A jackal skeleton (D:5)
  11 kobolds
  2 kobold zombies (Ossuary)
  4 orc skeletons (D:9)
  10 orc zombies
  2 quokka skeletons
  5 rats
327 creatures vanquished.

Vanquished Creatures (others)
  An orc zombie (D:9)
  A fungus (D:8)
  4 plants (D:8)
6 creatures vanquished.

Grand Total: 333 creatures vanquished

Notes
Turn   | Place    | Note
-------+----------+-------------------------------------------
     0 | D:1      | wilfster70 the Gnoll Wanderer began the quest for the Orb.
     0 | D:1      | wilfster70 set off with: a +0 shield, a +0 ring mail, a +0
                  | hand crossbow, 26 bolts, a ration
     0 | D:1      | Reached XP level 1. HP: 20/20 MP: 2/2
   203 | D:1      | Reached XP level 2. HP: 26/26 MP: 3/3
   857 | D:2      | Found a stormy altar of Qazlal.
   904 | D:2      | Became a worshipper of Qazlal Stormbringer
   922 | D:2      | Found a hide-covered altar of Uskayaw.
   922 | D:2      | Found an ornate altar of the Wu Jian Council.
  1106 | D:3      | Reached XP level 3. HP: 30/31 MP: 4/4
  1199 | D:2      | Gained mutation: You can translocate small distances at
                  | will. [potion of mutation]
  1199 | D:2      | Gained mutation: You have large cloven feet. [potion of
                  | mutation]
  1199 | D:2      | Gained mutation: Your system is resistant to poisons.
                  | (rPois) [potion of mutation]
  1199 | D:2      | Gained mutation: You expend magic power (3 MP) to
                  | strengthen your wands. [potion of mutation]
  1501 | D:2      | Found a sparkling altar of Nemelex Xobeh.
  1625 | D:3      | Reached skill level 1 in Invocations
  1709 | D:3      | Reached skill level 1 in Short Blades
  1709 | D:3      | Reached skill level 1 in Long Blades
  1709 | D:3      | Reached skill level 1 in Axes
  1709 | D:3      | Reached skill level 1 in Maces & Flails
  1709 | D:3      | Reached skill level 1 in Polearms
  1709 | D:3      | Reached skill level 1 in Staves
  1709 | D:3      | Reached skill level 1 in Slings
  1709 | D:3      | Reached skill level 1 in Throwing
  1709 | D:3      | Reached skill level 1 in Dodging
  1709 | D:3      | Reached skill level 1 in Stealth
  1709 | D:3      | Reached skill level 1 in Unarmed Combat
  1709 | D:3      | Reached skill level 1 in Spellcasting
  1709 | D:3      | Reached XP level 4. HP: 38/38 MP: 4/6
  2040 | D:3      | Reached skill level 1 in Conjurations
  2040 | D:3      | Reached skill level 1 in Hexes
  2040 | D:3      | Reached skill level 1 in Charms
  2040 | D:3      | Reached skill level 1 in Summonings
  2040 | D:3      | Reached skill level 1 in Necromancy
  2040 | D:3      | Reached skill level 1 in Translocations
  2040 | D:3      | Reached skill level 1 in Transmutations
  2040 | D:3      | Reached skill level 1 in Fire Magic
  2040 | D:3      | Reached skill level 1 in Ice Magic
  2040 | D:3      | Reached skill level 1 in Air Magic
  2040 | D:3      | Reached skill level 1 in Earth Magic
  2040 | D:3      | Reached skill level 1 in Poison Magic
  2040 | D:3      | Reached XP level 5. HP: 36/43 MP: 7/7
  2275 | D:3      | Noticed Ijyb
  2284 | D:3      | Killed Ijyb
  2312 | D:3      | Reached * piety under Qazlal
  2407 | D:3      | Noticed Grinder
  2408 | D:3      | Paralysed by Grinder for 4 turns
  2420 | D:3      | Paralysed by Grinder for 2 turns
  2432 | D:3      | Killed Grinder
  2432 | D:3      | Reached skill level 5 in Fighting
  2432 | D:3      | Reached skill level 5 in Crossbows
  2432 | D:3      | Reached XP level 6. HP: 51/51 MP: 7/9
  2653 | D:4      | Noticed a black bear
  2678 | D:4      | Killed a black bear
  2678 | D:4      | Reached XP level 7. HP: 46/56 MP: 10/10
  2685 | D:4      | Reached skill level 7 in Armour
  3093 | D:4      | Found a transporter.
  3265 | D:4      | Found an ancient bone altar of Kikubaaqudgha.
  3289 | D:4      | Found a shattered altar of Ashenzari.
  3291 | D:4      | Found a radiant altar of Vehumet.
  3444 | D:4      | Found a transporter.
  3493 | D:4      | Reached XP level 8. HP: 63/63 MP: 12/12
  3685 | D:4      | Learned a level 1 spell: Summon Small Mammal
  3740 | D:5      | Entered Level 5 of the Dungeon
  4202 | D:5      | Reached ** piety under Qazlal
  4497 | D:5      | Learned a level 1 spell: Flame Tongue
  4810 | D:6      | Reached XP level 9. HP: 68/69 MP: 14/14
  5459 | D:6      | Found a staircase to the Ecumenical Temple.
  5485 | D:6      | Reached skill level 5 in Bows
  5485 | D:6      | Reached skill level 5 in Shields
  5485 | D:6      | Reached skill level 5 in Evocations
  5662 | D:7      | Reached *** piety under Qazlal
  5740 | D:7      | Reached skill level 8 in Armour
  6016 | D:7      | Reached skill level 5 in Invocations
  6021 | D:7      | Found a glowing silver altar of Zin.
  6104 | D:7      | Reached XP level 10. HP: 62/77 MP: 15/17
  6618 | D:8      | Noticed Maurice
  6662 | D:7      | Killed Maurice
  6828 | D:8      | Reached skill level 5 in Short Blades
  6828 | D:8      | Reached skill level 5 in Long Blades
  6828 | D:8      | Reached skill level 5 in Axes
  6828 | D:8      | Reached skill level 5 in Maces & Flails
  6828 | D:8      | Reached skill level 5 in Polearms
  6828 | D:8      | Reached skill level 5 in Staves
  6828 | D:8      | Reached skill level 5 in Slings
  6828 | D:8      | Reached skill level 5 in Throwing
  6828 | D:8      | Reached skill level 5 in Dodging
  6828 | D:8      | Reached skill level 5 in Stealth
  6828 | D:8      | Reached skill level 5 in Unarmed Combat
  6828 | D:8      | Reached skill level 5 in Spellcasting
  6879 | D:8      | Found the +7 Singing Sword
  7010 | D:8      | Found a sand-covered staircase.
  7016 | Ossuary  | Entered an ossuary
  7026 | Ossuary  | Reached **** piety under Qazlal
  7490 | D:8      | Found a staircase to the Lair.
  7812 | D:8      | Identified a scroll of acquirement
  8866 | D:9      | Reached ***** piety under Qazlal
  9015 | D:9      | Found a blossoming altar of Fedhas.
  9033 | D:9      | Noticed an oklob plant
  9051 | D:9      | Reached XP level 11. HP: 84/84 MP: 19/19
  9651 | D:9      | Reached skill level 9 in Armour
  9679 | D:9      | Noticed a white ugly thing
  9739 | D:8      | Killed a white ugly thing
  9739 | D:8      | Reached skill level 5 in Conjurations
  9739 | D:8      | Reached skill level 5 in Hexes
  9739 | D:8      | Reached skill level 5 in Charms
  9739 | D:8      | Reached skill level 5 in Summonings
  9739 | D:8      | Reached skill level 5 in Necromancy
  9739 | D:8      | Reached skill level 5 in Translocations
  9739 | D:8      | Reached skill level 5 in Transmutations
  9739 | D:8      | Reached skill level 5 in Fire Magic
  9739 | D:8      | Reached skill level 5 in Ice Magic
  9739 | D:8      | Reached skill level 5 in Air Magic
  9739 | D:8      | Reached skill level 5 in Earth Magic
  9739 | D:8      | Reached skill level 5 in Poison Magic
 10343 | D:9      | Found a staircase to the Orcish Mines.
 10460 | D:10     | Entered Level 10 of the Dungeon
 10460 | D:10     | Noticed a wizard
 10468 | D:10     | Killed a wizard
 10597 | D:10     | Noticed a two-headed ogre
 10720 | D:9      | Killed a two-headed ogre
 11109 | D:10     | Mangled by a shadow

Skill      XL: |  1  2  3  4  5  6  7  8  9 10 11 |
---------------+----------------------------------+-----
Invocations    | 1 2 3 4 5 6 7 |  7.1
Short Blades   | 1 2 3 4 5 6 |  6.4
Long Blades    | 1 2 3 4 5 6 |  6.4
Axes           | 1 2 3 4 5 6 |  6.4
Maces & Flails | 1 2 3 4 5 6 |  6.4
Polearms       | 1 2 3 4 5 6 |  6.4
Staves         | 1 2 3 4 5 6 |  6.4
Slings         | 1 2 3 4 5 6 |  6.4
Throwing       | 1 2 3 4 5 6 |  6.4
Dodging        | 1 2 3 4 5 6 |  6.4
Stealth        | 1 2 3 4 5 6 |  6.4
Unarmed Combat | 1 2 3 4 5 6 |  6.4
Spellcasting   | 1 2 3 4 5 6 |  6.4
Conjurations   | 1 2 3 4 5 |  5.3
Hexes          | 1 2 3 4 5 |  5.3
Charms         | 1 2 3 4 5 |  5.3
Summonings     | 1 2 3 4 5 |  5.3
Necromancy     | 1 2 3 4 5 |  5.3
Translocations | 1 2 3 4 5 |  5.3
Transmutations | 1 2 3 4 5 |  5.3
Fire Magic     | 1 2 3 4 5 |  5.3
Ice Magic      | 1 2 3 4 5 |  5.3
Air Magic      | 1 2 3 4 5 |  5.3
Earth Magic    | 1 2 3 4 5 |  5.3
Poison Magic   | 1 2 3 4 5 |  5.3
Bows           | 3 4 5 6 7 |  7.0
Shields        | 3 4 5 6 7 |  7.0
Evocations     | 3 4 5 6 7 |  7.0
Fighting       | 5 6 7 8 |  8.0
Crossbows      | 5 6 7 8 |  8.0
Armour         | 7 8 9 |  9.3

Action                   |  1- 3 |  4- 6 |  7- 9 | 10-12 || total
-------------------------+-------+-------+-------+-------++-------
Melee: Dagger            |    52 |   129 |   309 |   631 ||  1121
       Bite              |     5 |    19 |    36 |    89 ||   149
       Kick              |     1 |    36 |   116 |   209 ||   362
 Fire: Hand crossbow     |    22 |       |    62 |    29 ||   113
       Hunting sling     |       |       |       |   211 ||   211
Invok: Upheaval          |       |       |       |     3 ||     3
  Use: Scroll            |     4 |     1 |    10 |     4 ||    19
       Potion            |     1 |       |       |       ||     1
  Eat: Chunk             |     2 |     3 |    12 |    11 ||    28
       Ration            |       |       |       |     3 ||     3
Armor: Ring mail         |    26 |    26 |    89 |   201 ||   342
       Chain mail        |       |    23 |    32 |       ||    55
Dodge: Dodged            |    20 |    33 |    75 |   264 ||   392
       Deflected         |       |       |       |     5 ||     5
Block: Shield            |    21 |    37 |   187 |   599 ||   844
